 Dungeon Crawl Stone Soup version 0.30.1 (webtiles) character file.

Game seed: 12617220337587067551

1201 shamsi the Covered (level 8, -3/56 (64) HPs)
             Began as a Formicid Fighter on July 6, 2023.
             Was an Initiate of Fedhas.
             Succumbed to their own poison gas
             ... on level 5 of the Dungeon on July 9, 2023.
             The game lasted 00:34:53 (4013 turns).

shamsi the Covered (Formicid Fighter)               Turns: 4013, Time: 00:34:54

HP:   -3/56 (64)    AC: 11    Str: 23    XL:     8   Next: 72%
MP:   8/8           EV:  9    Int:  8    God:    Fedhas [......]
Gold: 208           SH:  5    Dex: 13    Spells: 7/7 levels left

rFire   . . .        A - +0 war axe
rCold   . . .        c - +0 buckler
rNeg    . . .        b - +0 scale mail
rPois   .            (helmet unavailable)
rElec   .            y - +1 cloak {Stlth+}
rCorr   .            (no gloves)
SInv    +            d - +0 pair of boots
Will    .....        k - amulet of regeneration
Stlth   +            (no ring)
HPRegen 1.09/turn    (no ring)
MPRegen 0.11/turn

%: no passive effects
@: lethally poisoned (-3 -> -35), heavily drained, very slow
A: permanent stasis, dig shafts and tunnels, antennae 3, four strong arms
a: Dig, Shaft Self, Renounce Religion


You were on level 5 of the Dungeon.
You worshipped Fedhas.
Fedhas was noncommittal.
You visited 2 branches of the dungeon, and saw 6 of its levels.

You collected 208 gold pieces.

Inventory:

Hand Weapons
 h - a +0 whip of venom
 A - a +0 war axe (weapon)
Armour
 b - a +0 scale mail (worn)
 c - a +0 buckler (worn)
 d - a +0 pair of boots (worn)
 i - a +0 helmet
 q - a scarf of resistance
 y - a +1 cloak of stealth (worn)
Jewellery
 k - an amulet of regeneration (around neck)
Scrolls
 e - 2 scrolls of identify
 g - 7 scrolls of immolation
 j - 3 scrolls of poison
 l - 2 scrolls of blinking {unknown}
 o - a scroll of fog {unknown}
 t - 2 scrolls of teleportation {unknown}
 x - a scroll of torment {unknown}
Potions
 f - 8 potions of curing
 m - a potion of brilliance
 n - a potion of mutation
 p - 3 potions of haste
 r - a potion of ambrosia {unknown}
 s - a potion of invisibility {unknown}
 u - a potion of flight {unknown}
 v - 2 potions of resistance {unknown}
 w - a potion of degeneration {unknown}
 z - a potion of might


   Skills:
 + Level 5.7 Fighting
 + Level 3.3(4.1) Axes
 + Level 3.6(4.3) Maces & Flails
 + Level 7.5 Armour
 + Level 1.4 Stealth
 + Level 6.4 Shields


You had 7 spell levels left.
You didn't know any spells.
Your spell library contained the following spells:

 Spells                   Type           Power      Damage    Failure   Level
 Sublimation of Blood     Necr           0%         N/A       87%         2
 Wereblood                Tmut           0%         N/A       87%         2
 Summon Hydra             Summ           0%         N/A       100%        7


Dungeon Overview and Level Annotations

Branches:
Dungeon (5/15)             Temple (1/1) D:5

Altars:
Ashenzari
Cheibriados
Dithmenos
Elyvilon
Fedhas
Gozag
Kikubaaqudgha
Makhleb
Nemelex Xobeh
Okawaru
Qazlal
Sif Muna
Trog
Uskayaw
Vehumet
Xom
Zin
The Shining One

Shops:
D:4 =*


Innate Abilities, Weirdness & Mutations

You cannot be hasted, slowed, berserked, paralysed or teleported.
You can dig through walls and to a lower floor.
You have a pair of large antennae on your head. (SInv)
Your four strong arms can wield two-handed weapons with a shield.


Message History

Your unstable footing causes you to fumble your attack.
The orc barely misses you.
You slash the orc!
You kill the orc!
Fedhas appreciates your contribution to the ecosystem.
You hear a splash.
Things that are here:
a +0 club; an orc corpse You enter the shallow water.
Moving in this stuff is going to be slow.
A troll comes into view.
The troll shouts!
The troll moves out of view.
Press: ? - help, . - travel You can't see that place. [the floor.] Unknown command.
The air fills with toxic fumes!
As you read the scroll labelled LOLANW KUOG, it crumbles to dust.
It was a scroll of poison.
Really walk into that cloud of poison gas?
Uppercase [Y]es or [N]o only, please.
Really walk into that cloud of poison gas?
You are engulfed in poison gas.
You are poisoned.
You feel very sick.
The troll is engulfed in poison gas.
The troll is poisoned.
You enter the shallow water.
Moving in this stuff is going to be slow.
You are engulfed in poison gas.
You are more poisoned.
You feel very sick.
The troll is engulfed in poison gas.
The troll looks even sicker.
You are engulfed in poison gas.
You are more poisoned.
You feel extremely sick.
The troll is engulfed in poison gas.
The troll looks even sicker.
You are engulfed in poison gas.
You are lethally poisoned!
* * * LOW HITPOINT WARNING * * *
You die...
Fedhas appreciates your contribution to the ecosystem.

#.#..>..# #.# #...# ##..
#...♣.♣.###.###...######...
###..)...##.##....#...#....
######.......#.....).....
#....######.......... #....#.##
##......... #.......# #.......#.
##.####### #..###.###
###@§§§☼###......# # ######
##~####.T§#####.####
###....#####.## +##§§§..###.).
###......##.##.# ####..#....
#....##.##...#.#.....# #....
##..###......#)#~P.PP# ##<...
#...#.......#~#!~P..#.....#.....
###.....#.>.#~#~~?(.#.~..P#.....
#...).##..#~#≈≈.≈≈#$PP.[#.....


You could see a troll (very poisoned).

Vanquished Creatures
  Grinder (D:3)
  An ice beast (D:4)
  2 black bears (D:5)
  A phantom (D:5)
  A bullfrog (D:5)
  3 scorpions
  An orc priest (D:5)
  2 hounds (D:4)
  2 iguanas
  An orc wizard (D:5)
  5 gnolls
  7 adders
  8 worms
  3 dart slugs
  3 orcs
  7 ball pythons
  16 endoplasms
  4 giant cockroaches
  12 goblins
  11 hobgoblins
  5 jackals
  12 quokkas
  4 bats
  3 frilled lizards
  11 kobolds
  8 rats
134 creatures vanquished.

Notes
Turn   | Place    | Note
-------+----------+-------------------------------------------
     0 | D:1      | shamsi the Formicid Fighter began the quest for the Orb.
     0 | D:1      | Reached XP level 1. HP: 18/18 MP: 1/1
   118 | D:1      | Reached XP level 2. HP: 12/24 MP: 2/2
   316 | D:1      | Reached XP level 3. HP: 29/29 MP: 3/3
   424 | D:1      | Reached skill level 4 in Armour
  1009 | D:2      | Reached XP level 4. HP: 26/35 MP: 4/4
  1625 | D:2      | Reached XP level 5. HP: 41/42 MP: 5/5
  1760 | D:3      | Reached skill level 5 in Armour
  1890 | D:3      | Noticed Grinder
  1924 | D:3      | Killed Grinder
  1925 | D:3      | Reached skill level 1 in Stealth
  1925 | D:3      | Reached skill level 5 in Shields
  1925 | D:3      | Reached XP level 6. HP: 21/49 MP: 6/6
  2193 | D:4      | Reached XP level 7. HP: 54/55 MP: 7/7
  2200 | D:4      | Reached skill level 6 in Armour
  2328 | D:4      | Reached skill level 5 in Fighting
  2657 | D:4      | Reached skill level 1 in Maces & Flails
  2843 | D:4      | Found Ohias's Serpentskin Sales.
  2851 | D:4      | Reached XP level 8. HP: 62/62 MP: 8/8
  2977 | D:4      | Found Bewiag's Jewellery Boutique.
  3004 | D:5      | Entered Level 5 of the Dungeon
  3036 | D:5      | Reached skill level 7 in Armour
  3495 | D:5      | Found a staircase to the Ecumenical Temple.
  3512 | Temple   | Entered the Ecumenical Temple
  3765 | Temple   | Became a worshipper of Fedhas Madash
  4007 | D:5      | Noticed a troll
  4013 | D:5      | Succumbed to their own poison gas

Illustrated notes

Levels and vault maps discovered:
D:1:      wander_arrival_chamber, layout_loops_ring, amcnicky_mini_pool_small
D:2:      minmay_diamond_boxcup, layout_basic, minmay_joined_circles
D:3:      layout_rooms, uniq_grinder
D:4:      cheibrodos_barr_body, layout_loops_cross, serial_shops,
          nicolae_shop_window_shopping, corexii_shack, guppyfry_shop_venom
D:5:      cheibrodos_two_vegetables, layout_cave_pools,
          minmay_temple_entry_trees, hangedman_abyss_or_decor_lesser_grid
Temple:   mainiacjoe_temple_coin_purse

Skill      XL: |  1  2  3  4  5  6  7  8 |
---------------+-------------------------+-----
Armour         | 4 5 6 7 |  7.5
Axes           | 3 |  3.3
Fighting       | 4 5 |  5.7
Stealth        | 1 |  1.4
Shields        | 5 6 |  6.4
Maces & Flails | 1 3 |  3.6

Action                     |  1- 3 |  4- 6 |  7- 9 || total
---------------------------+-------+-------+-------++-------
  Melee: War axe           |    55 |       |    47 ||   102
         Whip              |    50 |   186 |   175 ||   411
Ability: Dig               |       |     1 |     4 ||     5
    Use: Scroll            |       |     3 |     2 ||     5
         Potion            |       |       |     1 ||     1
 Armour: Scale mail        |    40 |    56 |    89 ||   185
  Dodge: Dodged            |    42 |    71 |    84 ||   197
  Block: Buckler           |    18 |    32 |    49 ||    99
